 Dungeon Crawl Stone Soup version 0.25-a0-160-gd1d2e81aba (console) character file.

Game seed: 15172128601920706688, levelgen mode: deterministic

2036 Kagalorn the Slinger (level 9, -6/61 HPs)
             Began as a Halfling Hunter on Nov 21, 2019.
             Was an Initiate of Okawaru.
             Mangled by a wyvern zombie (8 damage)
             ... on level 8 of the Dungeon.
             The game lasted 00:23:54 (7769 turns).

Kagalorn the Slinger (Halfling Hunter)              Turns: 7769, Time: 00:23:55

Health: -6/61      AC: 12    Str: 16    XL:     9   Next: 48%
Magic:  9/9        EV: 11    Int:  9    God:    Okawaru [......]
Gold:   346        SH:  0    Dex: 15    Spells: 8/8 levels left

rFire    . . .     SeeInvis .   b - +0 long sword
rCold    . . .     Gourm    .   (shield restricted)
rNeg     . . .     Faith    .   s - +0 chain mail
rPois    .         Spirit   .   (no helmet)
rElec    .         Reflect  .   (no cloak)
rCorr    .         Harm     .   v - +0 pair of gloves
MR       .....                  j - +0 pair of boots
Stlth    ..........             (no amulet)
HPRegen  0.20/turn              G - ring of flight
MPRegen  0.11/turn              (no ring)

@: no status effects
A: small, mutation resistance 1
a: Renounce Religion, Evoke Flight


You were on level 8 of the Dungeon.
You worshipped Okawaru.
Okawaru was noncommittal.
You were not hungry.

You visited 2 branches of the dungeon, and saw 9 of its levels.
You also visited: Sewer.

You collected 346 gold pieces.

Inventory:

Hand Weapons
 a - a +1 hunting sling
 b - a +0 long sword (weapon)
 c - a +0 dagger of venom
 z - a +0 rapier
Missiles
 d - 30 sling bullets
 h - 175 stones
 u - 13 poisoned darts (quivered)
Armour
 j - a +0 pair of boots (worn)
 s - a +0 chain mail (worn)
 v - a +0 pair of gloves (worn)
Jewellery
 o - a +3 ring of strength {unknown}
 D - an uncursed ring of magical power {unknown}
 F - an uncursed amulet of the gourmand {unknown}
 G - a ring of flight (left hand)
Wands
 t - a wand of flame (6)
 B - a wand of acid (8)
Scrolls
 l - a scroll of fog {unknown}
 m - 2 scrolls of teleportation {unknown}
 w - 2 scrolls of magic mapping {unknown}
 x - 2 scrolls of remove curse {unknown}
 y - a scroll of fear {unknown}
 A - a scroll of immolation {unknown}
 C - a scroll of enchant weapon {unknown}
Potions
 e - a potion of berserk rage
 g - 2 potions of might {unknown}
 i - a potion of degeneration {unknown}
 k - 5 potions of curing {unknown}
 n - a potion of mutation {unknown}
 p - 5 potions of heal wounds {unknown}
 q - a potion of resistance {unknown}
 r - a potion of flight
 E - a potion of invisibility {unknown}
Comestibles
 f - 14 rations
 H - 2 chunks of flesh


   Skills:
 - Level 5.0 Fighting
 * Level 0.1 Long Blades
 * Level 13.1 Slings
 - Level 5.0 Armour
 * Level 4.5 Dodging
 * Level 1.1 Stealth


You had 8 spell levels left.
You didn't know any spells.
Your spell library was empty.

Dungeon Overview and Level Annotations

Branches:
Dungeon (8/15)             Temple (1/1) D:6           Sewer (visited)
   Lair: D:8-11

Altars:
Ashenzari
Cheibriados
Dithmenos
Elyvilon
Fedhas
Gozag
Hepliaklqana
Kikubaaqudgha
Nemelex Xobeh
Okawaru
Qazlal
Ru
Sif Muna
Trog
Uskayaw
Wu Jian
Xom
Yredelemnul
The Shining One

Shops:
D:7 =


Innate Abilities, Weirdness & Mutations

You are small and have problems with some larger weapons.
You are somewhat resistant to further mutation.


Message History

You barely miss the wyvern zombie.
The wyvern zombie is heavily damaged.
The wyvern zombie bites you. The wyvern zombie misses you.
You hit the wyvern zombie.
The wyvern zombie is heavily damaged.
The wyvern zombie bites you! x2
* * * LOW HITPOINT WARNING * * *
The wyvern zombie barely misses you.
You riposte.
You hit the wyvern zombie.
The wyvern zombie is severely damaged.
The wyvern zombie closely misses you.
You riposte.
You slash the wyvern zombie!
The wyvern zombie is almost destroyed.
The wyvern zombie bites you but does no damage.
The wyvern zombie bites you.
* * * LOW HITPOINT WARNING * * *
You hit the wyvern zombie.
The wyvern zombie is almost destroyed.
The wyvern zombie bites you!
* * * LOW HITPOINT WARNING * * *
The wyvern zombie bites you!
You die...

##### ...# #########
############.######........
...........................
#####..###########........
#...Z@..#### #........
##.##......# #........
#.##.#.##[# #........
#.##.#..#)# #########
#.##.##.#[# #.##....#†#
#.#######.# #.# #.# #.# #.#


You could see a wyvern zombie.

Vanquished Creatures
  A spriggan (D:7)
  Eustachio (D:5)
  A wyvern (D:4)
  2 sky beasts
  An ogre (D:4)
  3 centaurs
  A big kobold (Sewer)
  3 scorpions
  5 wights
  3 electric eels (D:7)
  2 crimson imps
  A bullfrog zombie (D:7)
  A jelly (D:6)
  An orc priest (D:8)
  A bullfrog skeleton (D:6)
  Ijyb (D:4)
  2 worker ants
  2 worker ant zombies
  3 gnolls (D:3)
  A howler monkey skeleton (D:5)
  2 river rats (Sewer)
  9 adders
  An ooze (D:1)
  An adder zombie (D:6)
  6 worms
  2 dart slugs
  4 leopard geckos
  8 orcs
  8 giant cockroaches
  6 goblins
  4 hobgoblins
  17 jackals
  13 kobolds
  11 bats
  9 frilled lizards
  16 rats
  4 fungi (D:7)
157 creatures vanquished.

Notes
Turn   | Place    | Note
-------+----------+-------------------------------------------
     0 | D:1      | Kagalorn the Halfling Hunter began the quest for the Orb.
     0 | D:1      | Reached XP level 1. HP: 14/14 MP: 1/1
    48 | D:1      | Reached skill level 6 in Slings
   106 | D:1      | Reached XP level 2. HP: 15/19 MP: 2/2
   600 | D:1      | Reached skill level 7 in Slings
   600 | D:1      | Reached XP level 3. HP: 20/24 MP: 3/3
  1007 | D:2      | Reached XP level 4. HP: 23/29 MP: 4/4
  1139 | D:2      | Reached skill level 8 in Slings
  1566 | D:2      | Found a stormy altar of Qazlal.
  1861 | D:3      | Reached XP level 5. HP: 26/34 MP: 5/5
  1887 | D:3      | Reached skill level 9 in Slings
  2920 | D:4      | Reached XP level 6. HP: 36/39 MP: 6/6
  3066 | D:4      | Found a white marble altar of Elyvilon.
  3067 | D:4      | Found a shimmering altar of Xom.
  3209 | D:4      | Noticed Ijyb
  3221 | D:4      | Paralysed by fainting for 12 turns
  3235 | D:4      | Paralysed by Ijyb for 4 turns
  3246 | D:4      | Paralysed by Ijyb for 2 turns
  3259 | D:4      | Killed Ijyb
  3259 | D:4      | Reached skill level 10 in Slings
  3290 | D:4      | Found a basalt altar of Yredelemnul.
  3345 | D:4      | Noticed a wyvern
  3531 | D:4      | Found a sacrificial altar of Ru.
  3663 | D:4      | Killed a wyvern
  3663 | D:4      | Reached skill level 11 in Slings
  3663 | D:4      | Reached XP level 7. HP: 24/44 MP: 7/7
  4011 | D:5      | Entered Level 5 of the Dungeon
  4177 | D:5      | Noticed Eustachio
  4211 | D:5      | Killed Eustachio
  4211 | D:5      | Reached skill level 12 in Slings
  4211 | D:5      | Reached skill level 1 in Armour
  4211 | D:5      | Reached XP level 8. HP: 39/51 MP: 8/8
  4390 | D:5      | Found a glowing drain.
  4413 | Sewer    | Entered a sewer
  4569 | Sewer    | Found a white marble altar of Elyvilon.
  4732 | D:5      | Found a hide-covered altar of Uskayaw.
  5212 | D:5      | Found a shattered altar of Ashenzari.
  5403 | D:6      | Found a bloodstained altar of Trog.
  6198 | D:5      | Reached XP level 9. HP: 39/58 MP: 9/9
  6390 | D:6      | Found a staircase to the Ecumenical Temple.
  6399 | Temple   | Entered the Ecumenical Temple
  6407 | Temple   | Became a worshipper of Warmaster Okawaru
  6956 | D:7      | Reached skill level 13 in Slings
  7091 | D:7      | Reached skill level 5 in Fighting
  7131 | D:7      | Reached skill level 5 in Armour
  7132 | D:7      | Found Hiczedd's Jewellery Boutique.
  7769 | D:8      | HP: 2/61 [wyvern zombie (7)]
  7769 | D:8      | Mangled by a wyvern zombie

Levels and vault maps discovered:
D:1:      tarquinn_simple_flora_water_d, layout_loops_ring
D:2:      layout_loops_cross, overflow_temple_1_default
D:3:      layout_basic, minmay_crystal_room
D:4:      layout_loops_ring, hangedman_ru_absence, yredelemnul_altar_generic,
          gammafunk_temple_overflow_pools, first_ration, uniq_ijyb
D:5:      layout_rooms, evilmike_ruin_ashenzari, kennysheep_mini_moat,
          gup_sewer_entry_bubbles, minmay_misc_feat_five, uniq_eustachio
D:6:      layout_rooms, minmay_temple_entry_antechambers, basic_altar,
          kennysheep_cross_bottleneck
D:7:      layout_basic, serial_shops, shop, the_bakery, water_boxes_lemuel
D:8:      layout_basic
Temple:   nicolae_temple_no_exploring_needed

Skill      XL: |  1  2  3  4  5  6  7  8  9 |
---------------+----------------------------+-----
Slings         | 6 7 8 9 11 12 13 | 13.1
Fighting       | 2 4 5 |  5.0
Armour         | 1 3 5 |  5.0
Dodging        | 3 4 |  4.5
Long Blades    | |  0.1
Stealth        | |  1.1

Action                   |  1- 3 |  4- 6 |  7- 9 || total
-------------------------+-------+-------+-------++-------
Melee: Short sword       |   134 |    49 |       ||   183
       Long sword        |       |    80 |   202 ||   282
 Fire: Hunting sling     |    21 |   118 |   245 ||   384
Throw: Dart              |       |     4 |     6 ||    10
 Abil: Evoke Flight      |       |       |     2 ||     2
       Stop Flying       |       |       |     1 ||     1
Evoke: Wand              |       |       |     7 ||     7
  Use: Scroll            |       |       |     2 ||     2
       Potion            |       |       |     2 ||     2
 Stab: Sleeping          |       |     3 |       ||     3
  Eat: Chunk             |       |     5 |    11 ||    16
       Ration            |       |     1 |     1 ||     2
Armor: Leather armour    |    33 |    34 |       ||    67
       Ring mail         |       |    30 |    68 ||    98
       Chain mail        |       |       |     4 ||     4
Dodge: Dodged            |   115 |   117 |   210 ||   442
       Rpst.: Long sword |       |    17 |    55 ||    72

Table legend:
 A = Non-vault XP
 B = Vault XP
 C = Vault XP percentage of total XP
 D = Non-vault monster count
 E = Vault monster count
 F = Vault count percentage of total count
                 A         B        C        D         E       F
            +---------+---------+-------+---------+---------+-------
      Total |    2300 |     609 |  20.9 |     136 |      17 |  11.1
            +---------+---------+-------+---------+---------+-------
        D:1 |      48 |       0 |   0.0 |      27 |       0 |   0.0
        D:2 |      67 |       0 |   0.0 |      25 |       0 |   0.0
        D:3 |     104 |       0 |   0.0 |      26 |       0 |   0.0
        D:4 |     477 |      36 |   7.0 |      10 |       1 |   9.1
        D:5 |     490 |     228 |  31.8 |      18 |       7 |  28.0
        D:6 |     505 |       0 |   0.0 |      17 |       0 |   0.0
        D:7 |     525 |     211 |  28.7 |       8 |       1 |  11.1
        D:8 |      84 |       0 |   0.0 |       5 |       0 |   0.0
      Sewer |       0 |     134 | 100.0 |       0 |       8 | 100.0
            +---------+---------+-------+---------+---------+-------
